 Dungeon Crawl Stone Soup version 0.23.2-30-g0e89c35649 (webtiles) character file.

Game seed: 6886624188385386898

17 Nordron the Chiller (level 2, 0/21 HPs)
             Began as a Merfolk Ice Elementalist on June 12, 2019.
             Slain by a worm (9 damage)
             ... on level 2 of the Dungeon.
             The game lasted 00:02:43 (843 turns).

Nordron the Chiller (Merfolk Ice Elementalist)       Turns: 843, Time: 00:02:44

Health: 0/21       AC:  3    Str:  8    XL:     2   Next: 62%
Magic:  0/5        EV: 12    Int: 14    God:
Gold:   111        SH:  0    Dex: 14    Spells: 4/5 levels left

rFire    . . .     SeeInvis .   k - +0 spear
rCold    . . .     Gourm    .   (no shield)
rNeg     . . .     Faith    .   j - +0 leather armour
rPois    .         Spirit   .   (no helmet)
rElec    .         Reflect  .   (no cloak)
rCorr    .         Harm     .   (no gloves)
MR       .....                  (no boots)
Stlth    ++........             (no amulet)
HPRegen  0.07/turn              (no ring)
MPRegen  0.09/turn              (no ring)

@: no status effects
A: change form in water, swift swim, stealthy swim
a: no special abilities


You were on level 2 of the Dungeon.
You were not hungry.

You visited 1 branch of the dungeon, and saw 2 of its levels.

You collected 111 gold pieces.

Inventory:

Hand Weapons
 k - a +0 spear (weapon)
Armour
 a - a +0 robe
 j - a +0 leather armour (worn)
Scrolls
 b - a scroll of enchant weapon {unknown}
 f - a scroll of amnesia {unknown}
 h - a scroll of fear {unknown}
 i - a scroll of identify {unknown}
 l - a scroll of noise {unknown}
Potions
 e - 2 potions of agility {unknown}
 g - a potion of curing {unknown}
Comestibles
 c - 5 rations
 d - 3 chunks of flesh


   Skills:
 + Level 1.1 Fighting
 - Level 2.6 Dodging
 - Level 2.1 Stealth
 + Level 2.3 Spellcasting
   Level 0.7 Conjurations
 + Level 3.6 Ice Magic


You had 4 spell levels left.
You knew the following spells:

 Your Spells              Type           Power        Failure   Level  Hunger
a - Freeze                Ice            ##..         8%          1    #......

Your spell library contained the following spells:

 Spells                   Type           Power        Failure   Level  Hunger
 Throw Frost              Conj/Ice       #.....       21%         2    ###....
 Ozocubu's Armour         Chrm/Ice       #.......     43%         3    ###....
 Throw Icicle             Conj/Ice       #.......     80%         4    #####..
 Summon Ice Beast         Ice/Summ       #.......     83%         4    #####..


Dungeon Overview and Level Annotations

Branches:
Dungeon (2/15)

Altars:


Message History

Aim: a worm (heavily wounded)
You freeze the worm.
The worm is severely wounded.
The worm bites you.
Casting: Freeze (safe; 8% risk of failure)
Confirm with . or Enter, or press ? or * to list all spells.
Aiming: Freeze (safe; 8% risk of failure)
Press: ? - help, Shift-Dir - straight line, f/p - worm
Aim: a worm (severely wounded)
You freeze the worm.
The worm is almost dead.
Casting: Freeze (safe; 8% risk of failure)
Confirm with . or Enter, or press ? or * to list all spells.
Aiming: Freeze (safe; 8% risk of failure)
Press: ? - help, Shift-Dir - straight line, f/p - worm
Aim: a worm (almost dead)
You freeze the worm.
The worm is almost dead.
The worm bites you!
You die...

.. #......#.....# #.##.# ..
#......#...).#####.##.#
.####......#..............#
...........#......####.####
.......###........####....#
.......###[..####.........#
.........#...#......###...#
.....###...#.#.####...+...#
##.#.......#.#[.@.#...#...#######
...........#....#w#...+..........
##.#.......####.#.#...#.......###
#.......... ..#.....###.....#
#..#....#.#.####.....##......#
#.#_#...#.#.. ...# #......#
...#......# .# #### ........#
#.#......# #.#......#


You could see a worm.

Vanquished Creatures
  An adder (D:2)
  3 bats
  2 hobgoblins (D:1)
  A frilled lizard (D:1)
  A goblin (D:2)
  2 rats (D:1)
10 creatures vanquished.

Notes
Turn   | Place    | Note
-------+----------+-------------------------------------------
     0 | D:1      | Nordron the Merfolk Ice Elementalist began the quest for
                  | the Orb.
     0 | D:1      | Reached XP level 1. HP: 13/13 MP: 3/3
   578 | D:1      | Reached XP level 2. HP: 13/20 MP: 0/5
   730 | D:2      | Found a faded altar of an unknown god.
   742 | D:2      | Reached skill level 1 in Fighting
   843 | D:2      | Slain by a worm

Skill      XL: |  1  2 |
---------------+-------+-----
Fighting       | 1 |  1.1
Dodging        | |  2.6
Stealth        | |  2.1
Spellcasting   | |  2.3
Conjurations   | |  0.7
Ice Magic      | |  3.6

Action                   || total
-------------------------++-------
Melee: Unarmed           ||     5
       Whip              ||     6
       Spear             ||     2
 Cast: Freeze            ||    19
 Stab: Sleeping          ||     1
Armor: Robe              ||     7
       Leather armour    ||     1
Dodge: Dodged            ||    18
